 Dungeon Crawl Stone Soup version 0.30-a0-223-gcb0039aa0c (webtiles) character file.

Game seed: 828712086902846601

375 qw the Chopper (level 6, -1/38 HPs)
             Began as a Gargoyle Fighter on Oct 9, 2022.
             Engulfed by Sigmund's steam (9 damage)
             ... on level 4 of the Dungeon.
             The game lasted 00:01:09 (2832 turns).

qw the Chopper (Gargoyle Fighter)                   Turns: 2832, Time: 00:01:10

Health: -1/38      AC: 14    Str: 21    XL:     6   Next: 72%
Magic:  6/6        EV:  7    Int:  9    God:
Gold:   252        SH:  4    Dex:  9    Spells: 5/5 levels left

rFire   . . .      SeeInvis .    Y - +2 war axe
rCold   . . .      Faith    .    c - +0 buckler
rNeg    + . .      Spirit   .    g - +0 chain mail
rPois   inf        Reflect  .    (no helmet)
rElec   +          Harm     .    (no cloak)
rCorr   .          Rampage  .    (no gloves)
Will    .....                    j - +0 pair of boots
Stlth   ..........               (no amulet)
HPRegen 0.26/turn                (no ring)
MPRegen 0.10/turn                (no ring)

@: no status effects
A: sickness immunity, AC +4, negative energy resistance 1, electricity
resistance, torment resistance 1, petrification resistance
a: no special abilities


You were on level 4 of the Dungeon.
You visited 1 branch of the dungeon, and saw 4 of its levels.

You collected 252 gold pieces.


Innate Abilities, Weirdness & Mutations

You are immune to sickness and miasma.
Your stone body is resilient. (AC +4)
You are immune to poison.
You resist negative energy. (rN+)
You are resistant to electric shocks. (rElec)
You are resistant to unholy torment.
You are immune to petrification.


   Skills:
 - Level 4.1 Fighting
 - Level 6.0 Axes
 - Level 3.2 Armour
 + Level 0.0 Dodging
 - Level 3.2 Shields


You had 5 spell levels left.
You didn't know any spells.
Your spell library was empty.

Inventory:

Hand Weapons
 k - a +0 flail
 Y - a +2 war axe (weapon)
Missiles
 i - 3 boomerangs (quivered)
Armour
 c - a +0 buckler (worn)
 g - a +0 chain mail (worn)
 j - a +0 pair of boots (worn)
Scrolls
 a - 2 scrolls of identify
Potions
 b - a potion of haste
 d - 3 potions of might
 e - a potion of ambrosia
 f - a potion of cancellation {unknown}
 h - a potion of brilliance {unknown}
 l - a potion of heal wounds {unknown}
 m - a potion of mutation {unknown}

Dungeon Overview and Level Annotations

Branches:
Dungeon (4/15)
 Temple: D:4-7

Altars:
Fedhas

Annotations:
D:4 Sigmund


Message History

You swing at nothing.
A puff of flame appears from out of thin air!
The puff of flame misses you.
You swing at nothing.
You swing at nothing.
Sigmund appears from thin air!
Reactivating autopickup.
Sigmund gestures at you while chanting. The magic dart hits you.
Sigmund points at you and mumbles some strange words.
You are confused.
You start resting.
Sigmund says, "Now you see me, now you don't..."
Sigmund gestures at you while chanting.
You are more confused.
You start resting.
Sigmund gestures at you while chanting. The puff of flame hits you.
You're standing in a cloud of steam!
You are engulfed in a cloud of scalding steam.
You're standing in a cloud of steam!
You are engulfed in a cloud of scalding steam.
You start resting.
You feel less confused. Sigmund gestures at you while chanting.
The puff of flame hits you.
You're standing in a cloud of steam!
You're standing in a cloud of steam!
2831 ||| READING 4 scrolls of identify.
As you read the scroll of identify, it crumbles to dust.
b - a potion of haste
2831 ||| IDENTIFYING bubbling amethyst potion You are engulfed in a cloud of scalding steam.
Sigmund laughs darkly.
You're standing in a cloud of steam!
2832 ||| READING 3 scrolls of identify.
As you read the scroll of identify, it crumbles to dust.
e - a potion of ambrosia;
2832 ||| IDENTIFYING fizzy white potion You are engulfed in a cloud of scalding steam.
You die...

#....##
##..~~~~~~~.......
##...#
##..~~~~~~~~~...##.
##..##
###..~~~~~~~~~~~..##.
#....#
##....~~~~77P~~~~..###
##....#
#....~~~~7PP.P~~~~.# #
......#
#.##..~~~~~~~~...
......# ..
##.~¤¤@..P7.~~~~.#.
.....## ..
#.¤~¤~~..P~~~~..##.
#...## . #.@¤¤~~~~~~
#...# #....~~~~~~~
#)..# #.##..~~~~~~
....# ... .....~~~.
.....# .... .........
.....# ...#..
.....#### #....# .###
......# #...... .##..
######..


You could see Sigmund.

Vanquished Creatures
  A scorpion (D:4)
  A hound (D:3)
  A jelly (D:4)
  An orc priest (D:4)
  Jessica (D:2)
  2 orc wizards (D:3)
  7 adders
  2 worms
  2 dart slugs (D:2)
  11 orcs
  3 bats (D:2)
  6 endoplasms
  A giant cockroach (D:2)
  5 goblins
  8 hobgoblins
  7 kobolds
  2 quokkas
  5 ball pythons
  2 frilled lizards
  5 rats
73 creatures vanquished.

Notes
Turn   | Place    | Note
-------+----------+-------------------------------------------
     0 | D:1      | qw the Gargoyle Fighter began the quest for the Orb.
     0 | D:1      | Reached XP level 1. HP: 14/14 MP: 1/1
     0 | D:1      | 0 ||| qw: Version: 0.2-a-17-g06abaee
     0 | D:1      | 0 ||| qw: Game counter: 2086
     0 | D:1      | 0 ||| qw: Always use a shield: true
     0 | D:1      | 0 ||| qw: God list: Okawaru
     0 | D:1      | 0 ||| qw: Allow faded altars: false
     0 | D:1      | 0 ||| qw: Do Orc after D:15 true
     0 | D:1      | 0 ||| qw: Do second Lair branch before Depths: true
     0 | D:1      | 0 ||| qw: Lair rune preference: random
     0 | D:1      | 0 ||| qw: Plans: Normal, Zot:1-4, God:TSO, Crypt, Tomb,
                  | Pan, Slime:5, Hells, Abyss, Orb
     0 | D:1      | 0 ||| PLANNING D:1-11
    40 | D:1      | Reached skill level 2 in Axes
   202 | D:1      | Reached XP level 2. HP: 19/19 MP: 2/2
   322 | D:1      | 322 ||| DROPPING +0 club.
   395 | D:1      | 395 ||| Stepping ~*~*~tactically~*~*~ (stealth).
   577 | D:1      | 577 ||| UPGRADING to +0 chain mail.
   587 | D:1      | 587 ||| DROPPING +0 scale mail.
   588 | D:1      | 588 ||| READING scroll labelled ADIELETZUM.
   589 | D:1      | 589 ||| READING scroll labelled UTEGA DOLAL.
   686 | D:2      | Reached skill level 3 in Axes
   784 | D:2      | Reached XP level 3. HP: 23/23 MP: 3/3
   918 | D:2      | 918 ||| Stepping ~*~*~tactically~*~*~ (hiding).
  1048 | D:2      | Reached XP level 4. HP: 28/28 MP: 4/4
  1086 | D:2      | You fall into a shaft and drop 1 floor!
  1087 | D:3      | 1087 ||| READING 2 scrolls labelled MURYPU AXIVA.
  1157 | D:2      | Reached skill level 4 in Axes
  1529 | D:2      | 1529 ||| DROPPING +0 whip.
  1575 | D:2      | Noticed Jessica
  1578 | D:2      | 1578 ||| Stepping ~*~*~tactically~*~*~ (hiding).
  1584 | D:2      | Killed Jessica
  1629 | D:2      | Found a faded altar of an unknown god.
  1734 | D:2      | 1734 ||| UPGRADING to +0 pair of boots.
  1739 | D:2      | 1739 ||| READING scroll labelled QAORYO MIDE.
  1740 | D:2      | 1740 ||| READING 2 scrolls labelled YDOYTHANAU.
  1741 | D:2      | 1741 ||| READING scroll of enchant weapon.
  1741 | D:2      | 1741 ||| ENCHANTING +1 war axe.
  1742 | D:2      | 1742 ||| READING scroll labelled MIRERI VIROI.
  2037 | D:3      | Reached XP level 5. HP: 32/32 MP: 5/5
  2073 | D:3      | Reached skill level 5 in Axes
  2265 | D:3      | Noticed a kobold brigand
  2399 | D:3      | 2399 ||| READING scroll labelled IRALYE KAHIOCY.
  2400 | D:3      | 2400 ||| READING 2 scrolls of identify.
  2400 | D:3      | 2400 ||| IDENTIFYING dark potion
  2401 | D:3      | 2401 ||| DROPPING potion of berserk rage.
  2441 | D:4      | Reached XP level 6. HP: 38/38 MP: 6/6
  2506 | D:4      | 2506 ||| Stepping ~*~*~tactically~*~*~ (hiding).
  2587 | D:4      | Found a blossoming altar of Fedhas.
  2730 | D:4      | Noticed Sigmund
  2747 | D:4      | Reached skill level 6 in Axes
  2747 | D:4      | 2747 ||| Stepping ~*~*~tactically~*~*~ (water).
  2831 | D:4      | 2831 ||| READING 4 scrolls of identify.
  2831 | D:4      | 2831 ||| IDENTIFYING bubbling amethyst potion
  2831 | D:4      | HP: 8/38 [Sigmund] (5)]
  2832 | D:4      | 2832 ||| READING 3 scrolls of identify.
  2832 | D:4      | 2832 ||| IDENTIFYING fizzy white potion
  2832 | D:4      | Engulfed by Sigmund's steam

Levels and vault maps discovered:
D:1:      noname_arrival_rooms_in_the_neighbourhood, layout_basic,
          minmay_liquid_box
D:2:      layout_loops_corners, dreamdust_ecumenical_altar_angels_and_demons,
          kennysheep_jessica_study
D:3:      layout_rooms, lightli_corner_chamber
D:4:      layout_layer_cave, fedhas_ov_isle_minmay, uniq_sigmund, uniq_eustachio

Skill      XL: |  1  2  3  4  5  6 |
---------------+-------------------+-----
Axes           | 2 3 4 5 6 |  6.0
Fighting       | 4 |  4.1
Armour         | |  3.2
Shields        | |  3.2

Action                   |  1- 3 |  4- 6 || total
-------------------------+-------+-------++-------
Melee: War axe           |    85 |   100 ||   185
  Use: Scroll            |     2 |     9 ||    11
Armor: Chain mail        |    38 |    72 ||   110
       Scale mail        |     6 |       ||     6
Dodge: Dodged            |    42 |    30 ||    72
Block: Buckler           |    10 |    18 ||    28

Table legend:
 A = Non-vault XP
 B = Vault XP
 C = Vault XP percentage of total XP
 D = Non-vault monster count
 E = Vault monster count
 F = Vault count percentage of total count
                 A         B        C        D         E       F
            +---------+---------+-------+---------+---------+-------
      Total |     497 |      39 |   7.3 |      71 |       2 |   2.7
            +---------+---------+-------+---------+---------+-------
        D:1 |      27 |       0 |   0.0 |      16 |       0 |   0.0
        D:2 |      79 |      39 |  33.1 |      23 |       2 |   8.0
        D:3 |     170 |       0 |   0.0 |      14 |       0 |   0.0
        D:4 |     221 |       0 |   0.0 |      18 |       0 |   0.0
            +---------+---------+-------+---------+---------+-------
